 Dungeon Crawl Stone Soup version 0.24.0-123-gd5b16e6ec5 (webtiles) character file.

Game seed: 6735967424145151231, levelgen mode: deterministic

779 Gremour the Fighter (level 7, -3/70 HPs)
             Began as a Red Draconian Monk on Feb 5, 2020.
             Was a Believer of Qazlal.
             Killed by divine providence
             ... invoked by an orc priest
              (17 damage)
             ... on level 5 of the Dungeon.
             The game lasted 00:21:32 (5666 turns).

Gremour the Fighter (Red Draconian Monk)            Turns: 5666, Time: 00:21:34

Health: -3/70      AC:  6    Str: 16    XL:     7   Next: 54%
Magic:  7/7        EV: 18    Int: 10    God:    Qazlal [**....]
Gold:   230        SH:  2    Dex: 21    Spells: 6/6 levels left

rFire    + . .     SeeInvis .   k - +0 whip "Qaal" {freeze, MR++ Str+3}
rCold    . . .     Gourm    .   (no shield)
rNeg     . . .     Faith    .   (armour unavailable)
rPois    .         Spirit   .   (helmet restricted)
rElec    .         Reflect  .   (no cloak)
rCorr    .         Harm     .   (no gloves)
MR       ++...                  (no boots)
Stlth    +++.......             (no amulet)
HPRegen  0.21/turn              (no ring)
MPRegen  0.10/turn              (no ring)

@: agile, short of breath
A: breathe fire, unfitting armour, fire resistance 1, cold-blooded, AC +6
a: Breathe Fire, Upheaval, Renounce Religion


You were on level 5 of the Dungeon.
You worshipped Qazlal.
Qazlal was pleased with you.
You were not hungry.

You visited 2 branches of the dungeon, and saw 6 of its levels.

You collected 230 gold pieces.

Inventory:

Hand Weapons
 a - a +0 falchion
 g - a +0 glaive
 k - the +0 whip "Qaal" (weapon) {freeze, MR++ Str+3}
   (You found it on level 4 of the Dungeon)

   It has been specially enchanted to freeze those struck by it, causing extra
   injury to most foes and up to half again as much damage against particularly
   susceptible opponents.
   It can also slow down cold-blooded creatures.
   It affects your strength (+3).
   It affects your resistance to hostile enchantments.
Scrolls
 c - a scroll of fear
 d - a scroll of remove curse
 e - 2 scrolls of identify
 h - a scroll of enchant weapon {unknown}
 i - 2 scrolls of teleportation {unknown}
Comestibles
 b - 3 rations


   Skills:
 * Level 9.6 Fighting
 - Level 3.0 Long Blades
 + Level 1.5 Maces & Flails
 - Level 2.6 Dodging
 - Level 1.7 Stealth


You had 6 spell levels left.
You didn't know any spells.
Your spell library was empty.

Dungeon Overview and Level Annotations

Branches:
Dungeon (5/15)             Temple (1/1) D:4

Altars:
Ashenzari
Cheibriados
Elyvilon
Fedhas
Gozag
Kikubaaqudgha
Makhleb
Nemelex Xobeh
Okawaru
Qazlal
Ru
Sif Muna
Trog
Uskayaw
Vehumet
Xom
Zin


Innate Abilities, Weirdness & Mutations

You can breathe blasts of fire.
Your fiery red scales are hard. (AC +6)
You cannot fit into any form of body armour.
Your flesh is heat resistant. (rF+)
You are cold-blooded and may be slowed by cold attacks.


Message History

An orc priest comes into view. It is wielding a +0 dagger.
The orc wizard mumbles some strange words.
The orc wizard seems to speed up.
You hear a shout!
Press: ? - help, Shift-Dir - straight line, f - ogre
Aim: an ogre, wielding a +0 giant spiked club (heavily wounded)
You breathe a blast of fire.
The fiery breath hits the ogre!
The ogre is almost dead.
You feel somewhat more hungry.
An orc comes into view.
The orc wizard looks braver for a moment.
You barely miss the ogre.
The ogre is almost dead.
The ogre misses you.
You hit the ogre. You freeze the ogre.
You kill the ogre!
Qazlal accepts your kill.
The orc priest mumbles some strange prayers to Beogh against you.
Beogh smites you!
You die...

############
#☼.)@.......
#.###oo...##
###########.#
.#.#.#
#...........#
o# ..
#.###########
.# ## #.# ..
#.# .# #.# .#
#<#


You could see an orc priest, an orc wizard and an orc.

Vanquished Creatures
  A phantom (D:5)
  2 ogres
  2 crimson imps
  A bullfrog zombie (D:4)
  A hound (D:4)
  A centaur skeleton (D:4)
  4 orc priests
  2 iguanas
  2 worker ants (D:4)
  A hound skeleton (D:3)
  2 adders
  2 oozes
  An adder skeleton (D:4)
  3 worms
  A leopard gecko (D:3)
  11 orcs
  A bat (D:1)
  3 giant cockroaches
  12 goblins
  6 hobgoblins
  12 jackals
  8 kobolds
  A quokka (D:2)
  2 ball pythons
  7 frilled lizards
  7 rats
96 creatures vanquished.

Notes
Turn   | Place    | Note
-------+----------+-------------------------------------------
     0 | D:1      | Gremour the Draconian Monk began the quest for the Orb.
     0 | D:1      | Reached XP level 1. HP: 19/19 MP: 1/1
   532 | D:1      | Reached XP level 2. HP: 27/27 MP: 2/2
   592 | D:1      | Reached skill level 4 in Fighting
  1098 | D:2      | Reached XP level 3. HP: 19/34 MP: 3/3
  1506 | D:2      | Reached skill level 5 in Fighting
  1614 | D:2      | Reached XP level 4. HP: 28/42 MP: 4/4
  1655 | D:2      | HP: 2/42 [hobgoblin/+0 club (3)]
  2604 | D:3      | Reached skill level 6 in Fighting
  3131 | D:4      | Reached XP level 5. HP: 51/51 MP: 5/5
  3319 | D:4      | Found a snail-covered altar of Cheibriados.
  3323 | D:4      | Reached skill level 7 in Fighting
  3901 | D:4      | Noticed an ogre
  3924 | D:4      | Killed an ogre
  3924 | D:4      | Reached XP level 6. HP: 27/61 MP: 6/6
  4124 | D:4      | Reached skill level 8 in Fighting
  4174 | D:4      | Found a burning altar of Makhleb.
  4183 | D:4      | Found a sacrificial altar of Ru.
  4188 | D:4      | Found a hide-covered altar of Uskayaw.
  4267 | D:4      | Got an iridescent whip
  4268 | D:4      | Identified the +0 whip "Qaal" {freeze, MR++ Str+3} (You
                  | found it on level 4 of the Dungeon)
  4356 | D:4      | Found a staircase to the Ecumenical Temple.
  4363 | Temple   | Entered the Ecumenical Temple
  4368 | Temple   | Became a worshipper of Qazlal Stormbringer
  4368 | Temple   | Reached * piety under Qazlal
  4368 | Temple   | Reached ** piety under Qazlal
  4872 | D:5      | Entered Level 5 of the Dungeon
  4957 | D:5      | Reached skill level 9 in Fighting
  4957 | D:5      | Your scales start taking on a fiery red colour.
  4957 | D:5      | Reached XP level 7. HP: 22/70 MP: 7/7
  4957 | D:5      | Gained mutation: Your flesh is heat resistant. (rF+) [Red
                  | Draconian growth]
  5239 | D:5      | Reached skill level 1 in Maces & Flails
  5666 | D:5      | Killed from afar by an orc priest

Levels and vault maps discovered:
D:1:      minmay_arrival_widening_spiral_wide, layout_basic,
          minmay_split_cup_small
D:2:      layout_basic
D:3:      layout_loops_ring
D:4:      layout_basic, grunt_temple_overflow_cloverleaf,
          minmay_temple_entry_junction, first_ration
D:5:      layout_loops_ring
Temple:   cyrus_circular_temple

Skill      XL: |  1  2  3  4  5  6  7 |
---------------+----------------------+-----
Fighting       | 4 5 6 7 9 |  9.6
Maces & Flails | 1 |  1.5
Long Blades    | |  3.0
Dodging        | |  2.6
Stealth        | |  1.7

Action                   |  1- 3 |  4- 6 |  7- 9 || total
-------------------------+-------+-------+-------++-------
Melee: Falchion          |    83 |       |       ||    83
       Tailslap          |    11 |    20 |    12 ||    43
       Glaive            |    33 |   163 |       ||   196
       Whip              |       |    49 |    81 ||   130
 Abil: Breathe Fire      |       |       |     2 ||     2
  Use: Scroll            |       |     4 |       ||     4
       Potion            |       |     1 |     1 ||     2
 Stab: Sleeping          |     3 |     6 |       ||     9
       Distracted        |       |     1 |       ||     1
  Eat: Chunk             |     2 |     6 |     1 ||     9
       Ration            |       |     2 |       ||     2
Armor: Skin              |    29 |    53 |    14 ||    96
Dodge: Dodged            |    73 |   152 |    36 ||   261
Block: Other             |       |     4 |     7 ||    11
       Rpst.: Falchion   |    13 |       |       ||    13
